 Dungeon Crawl Stone Soup version 0.27.1-34-g3ba077fa99 (webtiles) character file.

Game seed: 17455136154564273180

11410 growler the Zephyrmancer (level 11, -8/68 HPs)
             Began as a Tengu Air Elementalist on Jan 13, 2022.
             Was an Initiate of Gozag.
             Mangled by a reaper (34 damage)
             ... in an ice cave.
             The game lasted 00:41:00 (16659 turns).

growler the Zephyrmancer (Tengu Air Elementalist)  Turns: 16659, Time: 00:41:00

Health: -8/68      AC:  6    Str:  5    XL:     11   Next: 77%
Magic:  3/19       EV: 19    Int: 21    God:    Gozag
Gold:   1247       SH:  0    Dex: 19    Spells: 10/20 levels left

rFire    + . .     SeeInvis .   w - +4 whip of the Shoals {freeze, rC+ rN+++ Str-4 Dex+4}
rCold    + . .     Faith    .   (no shield)
rNeg     + + +     Spirit   .   r - +1 leather armour "Iguotourph" {rPois rCorr Int+3}
rPois    +         Reflect  .   (helmet restricted)
rElec    .         Harm     .   B - +1 cloak of Old and Reckless {rF+ Stlth+}
rCorr    +         Rampage  .   (no gloves)
Will     .....                  (boots unavailable)
Stlth    +++.......             (no amulet)
HPRegen  0.21/turn              j - ring of poison resistance
MPRegen  0.16/turn              J - ring of wizardry

@: flying quickly and evasively, quick
A: beak, talons 3, nimble flight
a: Renounce Religion, Potion Petition, Call Merchant, Bribe Branch


You were in an ice cave.
You worshipped Gozag.
Gozag was most pleased with you.
You visited 2 branches of the dungeon, and saw 13 of its levels.
You also visited: Ice Cave.

You collected 1350 gold pieces.
You paid 103 gold pieces to Gozag.

Inventory:

Hand Weapons
 b - a +0 dagger
   (You found it on level 1 of the Dungeon)
 n - a +0 short sword of venom
   (You took it off a kobold on level 3 of the Dungeon)
 w - the +4 whip of the Shoals (weapon) {freeze, rC+ rN+++ Str-4 Dex+4}
   (You found it on level 10 of the Dungeon)

   It freezes those it strikes, dealing additional cold damage.
   It can also slow down cold-blooded creatures.
   Str:       It affects your strength (-4).
   Dex:       It affects your dexterity (+4).
   rC:        It protects you from cold.
   rN:        It renders you almost immune to negative energy.
Missiles
 l - 2 throwing nets {!f}
Armour
 a - a +0 robe
 c - a +0 kite shield
   (You found it on level 1 of the Dungeon)
 r - the +1 leather armour "Iguotourph" (worn) {rPois rCorr Int+3}
   (You found it on level 4 of the Dungeon)

   Int:       It affects your intelligence (+3).
   rPois:     It protects you from poison.
   rCorr:     It protects you from acid and corrosion.
 y - a +0 cloak
   (You found it on level 6 of the Dungeon)
 B - the +1 cloak of Old and Reckless (worn) {rF+ Stlth+}
   (You found it on level 7 of the Dungeon)

   rF:        It protects you from fire.
   Stlth:     It makes you more stealthy.
 M - the +0 leather armour of Negation {Dex+5}
   (You found it on level 10 of the Dungeon)

   Dex:       It affects your dexterity (+5).
 P - a scarf of resistance
   (You found it in an ice cave)
Jewellery
 j - a ring of poison resistance (left hand)
   (You found it on level 2 of the Dungeon)
 s - a ring of resist corrosion
   (You found it on level 1 of the Dungeon)
 J - a ring of wizardry (right hand)
   (You found it on level 9 of the Dungeon)
Wands
 d - a wand of iceblast (27)
   (You took it off Ijyb on level 5 of the Dungeon)
 t - a wand of flame (21)
   (You found it on level 4 of the Dungeon)
 x - a wand of acid (7)
   (You found it on level 4 of the Dungeon)
 C - a wand of charming (8)
   (You found it on level 7 of the Dungeon)
 F - a wand of mindburst (14)
   (You found it on level 8 of the Dungeon)
Scrolls
 e - 2 scrolls of identify {@r1}
 f - 3 scrolls of enchant armour {unknown}
 g - 2 scrolls of teleportation {unknown}
 h - a scroll of noise {unknown}
 k - a scroll of amnesia {unknown}
 m - a scroll of silence {unknown}
 o - 3 scrolls of magic mapping {unknown}
 A - 2 scrolls of blinking {unknown}
 D - a scroll of vulnerability {unknown}
 K - 2 scrolls of fear
 N - a scroll of enchant weapon {unknown}
 Q - a scroll of torment {unknown}
Potions
 i - 4 potions of brilliance
 p - 4 potions of might
 q - 2 potions of attraction {!q}
 u - a potion of cancellation
 v - a potion of resistance
 z - 2 potions of curing {@q1}
 E - 3 potions of lignification {!q}
 G - a potion of invisibility
 H - a potion of ambrosia
 L - a potion of mutation {!q}
 O - a potion of heal wounds {@q2}
Miscellaneous
 I - a piece from Xom's chessboard (15/15)
   (You found it on level 9 of the Dungeon)


   Skills:
 + Level 7.9 Fighting
 + Level 9.0 Dodging
 - Level 2.0 Stealth
 + Level 7.9 Shields
 - Level 5.0 Spellcasting
 - Level 9.0 Conjurations
 - Level 12.0 Air Magic


You had 10 spell levels left.
You knew the following spells:

 Your Spells              Type           Power      Damage    Failure   Level
a - Shock                 Conj/Air       100%       1d9       1%          1
b - Airstrike             Air            26%        N/A       1%          4
d - Static Discharge      Conj/Air       49%        N/A       1%          2
s - Swiftness             Air            53%        N/A       1%          3

Your spell library contained the following spells:

 Spells                   Type           Power      Damage    Failure   Level
 Beastly Appendage        Tmut           10%        N/A       8%          1
 Corona                   Hex            5%         N/A       8%          1
 Ensorcelled Hibernation  Hex/Ice        10%        N/A       11%         2
 Slow                     Hex            5%         N/A       11%         2
 Wereblood                Tmut           5%         N/A       11%         2
 Call Canine Familiar     Summ           5%         N/A       21%         3
 Confusing Touch          Hex            5%         N/A       21%         3
 Portal Projectile        Hex/Tloc       10%        N/A       21%         3
 Spider Form              Tmut/Pois      2%         N/A       21%         3
 Summon Guardian Golem    Hex/Summ       5%         N/A       21%         3
 Tukima's Dance           Hex            5%         N/A       21%         3
 Fireball                 Conj/Fire      12%        3d7       30%         5
 Leda's Liquefaction      Hex/Erth       2%         N/A       54%         4
 Orb of Destruction       Conj           21%        9d9       80%         7
 Starburst                Conj/Fire      12%        6d5       83%         6
 Yara's Violent Unravell  Hex/Tmut       2%         3d3       86%         5
 Spellforged Servitor     Conj/Summ      12%        N/A       100%        7
 Ignition                 Fire           2%         3d3       100%        8


Dungeon Overview and Level Annotations

Branches:
Dungeon (12/15)            Temple (1/1) D:7            Lair (0/6) D:10
    Orc (0/2) D:10          IceCv (1/1)

Altars:
Ashenzari
Cheibriados
Dithmenos
Elyvilon
Fedhas
Gozag
Hepliaklqana
Kikubaaqudgha
Makhleb
Nemelex Xobeh
Okawaru
Qazlal
Ru
Sif Muna
Trog
Uskayaw
Vehumet
Wu Jian
Xom
Yredelemnul
Zin
The Shining One

Annotations:
D:3 3 runed translucent doors, Zombarts's ghost, weakling TrFi


Innate Abilities, Weirdness & Mutations

You have a beak for a mouth.
You have claws for feet.
Your magical nature lets you fly swiftly and evasively.


Message History

You resist. The entropy weaver simulacrum hits you!
The entropy weaver simulacrum freezes you!
You resist.
* * * LOW HITPOINT WARNING * * *
The entropy weaver simulacrum hits you but does no damage.
The entropy weaver simulacrum barely misses you.
The entropy weaver simulacrum misses you.
The entropy weaver simulacrum barely misses you.
The entropy weaver simulacrum hits you but does no damage. x2
Aim: an entropy weaver simulacrum (severely damaged, 77% to hit)
The puff of flame hits the entropy weaver simulacrum.
The entropy weaver simulacrum melts!
The entropy weaver simulacrum hits you but does no damage.
The entropy weaver simulacrum closely misses you.
The entropy weaver simulacrum hits you but does no damage.
The entropy weaver simulacrum completely misses you.
Aim: an entropy weaver simulacrum (severely damaged, 77% to hit)
The puff of flame hits the entropy weaver simulacrum.
The entropy weaver simulacrum closely misses you.
The entropy weaver simulacrum hits you but does no damage.
The entropy weaver simulacrum barely misses you.
The entropy weaver simulacrum hits you but does no damage.
Aim: an entropy weaver simulacrum (severely damaged, 77% to hit)
The puff of flame hits the entropy weaver simulacrum!
The entropy weaver simulacrum melts!
You hear a sizzling sound!
You start resting.
You start resting.
You now have 1240 gold pieces (gained 6).
You now have 1247 gold pieces (gained 7).
A reaper is nearby!
Aim: a reaper, wielding a +0 scythe of freezing (wandering, hasn't noticed you)
The air twists around and strikes the reaper!
The reaper hits you from afar with a +0 scythe of freezing!!
The reaper freezes you.
Aim: a reaper, wielding a +0 scythe of freezing (lightly wounded)
The air twists around and strikes the reaper.
The reaper completely misses you.
Aim: a reaper, wielding a +0 scythe of freezing (lightly wounded)
The air twists around and strikes the reaper.
The reaper hits you from afar with a +0 scythe of freezing!
* * * LOW HITPOINT WARNING * * *
The reaper freezes you.
* * * LOW HITPOINT WARNING * * *
Aim: a reaper, wielding a +0 scythe of freezing (moderately wounded)
The air twists around and strikes the reaper!
The reaper hits you from afar with a +0 scythe of freezing!!
Ouch! That really hurt!
You die...
Your body crumbles into a pile of gold.

##......## ##......######≈.#...
##...###..####.....##..##≈≈##.#..
#(...[###...#....######≈≈≈####..#
##...## ###....###≈≈≈≈≈≈≈####...#
###..# #######..##≈≈≈≈≈≈≈##..###
#..####..####.####≈≈≈≈≈≈≈##..##
###..#.##..#.#.#≈≈≈≈≈≈≈≈≈###..#
###.#####...###≈≈≈≈≈≈≈≈#..### ###
###.@.##≈≈≈≈≈≈##...##
###..###≈≈≈##..#### ##2.# ###.###
#..## ##..# #Z..## #...# #....#
###.. ..2..# ### ..... # ..Z. $$


You could see a reaper.

Vanquished Creatures
  A two-headed ogre (D:9)
  A deep elf pyromancer (D:8)
  An ugly thing (IceCv)
  An ice statue (IceCv)
  3 centaur zombies
  Psyche (D:12)
  Maggie (D:8)
  An ice devil (IceCv)
  2 anaconda simulacra (IceCv)
  2 entropy weaver simulacra (IceCv)
  A hornet (D:8)
  Prince Ribbit (D:5)
  Grinder (D:5)
  Sigmund (D:4)
  9 yaks
  A wraith (D:10)
  A steam dragon (D:8)
  2 death yak simulacra (IceCv)
  Grum (D:8)
  2 wargs (D:10)
  An acid dragon (D:9)
  2 water moccasins
  A black bear (D:6)
  7 orc warriors
  A sky beast (D:8)
  A necrophage (D:7)
  2 wolves (D:8)
  A centaur (D:10)
  2 phantoms
  5 bullfrogs
  A gnoll sergeant (D:10)
  4 scorpions
  A wyvern zombie (D:8)
  A cane toad simulacrum (IceCv)
  7 two-headed ogre simulacra (IceCv)
  2 elephant simulacra (IceCv)
  4 wights (D:6)
  A howler monkey (D:5)
  2 centaur skeletons
  5 hounds
  2 bullfrog skeletons (D:6)
  Ijyb (D:5)
  Natasha (twice) (D:3)
  2 iguanas (D:5)
  4 orc wizards
  4 polar bear simulacra (IceCv)
  A scorpion zombie (D:5)
  6 troll simulacra (IceCv)
  6 spriggan simulacra (IceCv)
  A killer bee zombie (D:9)
  A wolf simulacrum (IceCv)
  A hound skeleton (D:5)
  8 gnolls
  7 adders
  8 naga simulacra (IceCv)
  5 white imps
  5 ufetubi (IceCv)
  An adder skeleton (D:4)
  An adder zombie (D:5)
  2 worms
  3 dart slugs
  15 orcs
  5 ball pythons
  5 endoplasms
  2 giant cockroaches
  4 goblins
  9 hobgoblins
  6 kobolds
  3 quokkas
  2 bats
  3 frilled lizards
  5 rats
215 creatures vanquished.

Vanquished Creatures (others)
  3 plants (D:5)
3 creatures vanquished.

Grand Total: 218 creatures vanquished

Notes
Turn   | Place    | Note
-------+----------+-------------------------------------------
     0 | D:1      | growler the Tengu Air Elementalist began the quest for the
                  | Orb.
     0 | D:1      | Reached XP level 1. HP: 10/10 MP: 4/4
   237 | D:1      | Reached XP level 2. HP: 15/15 MP: 1/6
   368 | D:1      | Found a faded altar of an unknown god.
   526 | D:1      | Learned a level 2 spell: Static Discharge
   920 | D:1      | You fall into a shaft and drop 1 floor!
   951 | D:2      | Reached XP level 3. HP: 16/19 MP: 0/7
  1804 | D:2      | Reached XP level 4. HP: 24/24 MP: 6/9
  1952 | D:2      | Reached skill level 5 in Air Magic
  2589 | D:2      | Gained mutation: Your magical nature lets you fly swiftly
                  | and evasively. [Tengu growth]
  2589 | D:2      | Reached XP level 5. HP: 26/28 MP: 6/10
  2776 | D:3      | Found a runed translucent gate.
  2986 | D:3      | Noticed a phantom
  3227 | D:3      | Noticed Natasha
  3232 | D:3      | Killed Natasha
  3518 | D:3      | Reached XP level 6. HP: 32/32 MP: 7/12
  3624 | D:3      | Reached skill level 6 in Air Magic
  3897 | D:3      | Found a runed translucent gate.
  3899 | D:3      | Found a runed translucent gate.
  3917 | D:3      | Noticed Natasha
  3931 | D:3      | Killed Natasha
  4086 | D:3      | Noticed Zombarts's ghost (weakling TrFi)
  4298 | D:4      | Reached skill level 5 in Conjurations
  4377 | D:4      | Learned a level 3 spell: Swiftness
  4382 | D:4      | Learned a level 4 spell: Airstrike
  4517 | D:4      | Identified the +1 leather armour "Iguotourph" {rPois rCorr
                  | Int+3}
  4581 | D:4      | Found a blossoming altar of Fedhas.
  4781 | D:4      | Noticed Sigmund
  4790 | D:5      | Entered Level 5 of the Dungeon
  4906 | D:5      | Noticed Grinder
  4952 | D:5      | Reached XP level 7. HP: 33/36 MP: 8/14
  4958 | D:5      | Killed Grinder
  4959 | D:5      | Reached skill level 7 in Air Magic
  4983 | D:5      | Noticed Prince Ribbit
  5128 | D:5      | Killed Prince Ribbit
  5129 | D:5      | Reached XP level 8. HP: 27/41 MP: 5/16
  5182 | D:5      | Reached skill level 5 in Spellcasting
  5250 | D:5      | Reached skill level 8 in Air Magic
  5529 | D:5      | Noticed Ijyb
  5539 | D:5      | Killed Ijyb
  5756 | D:5      | Found an ornate altar of the Wu Jian Council.
  5763 | D:5      | Found a snail-covered altar of Cheibriados.
  5771 | D:5      | Found a stormy altar of Qazlal.
  5778 | D:5      | Found a burning altar of Makhleb.
  5786 | D:5      | Found a white marble altar of Elyvilon.
  5794 | D:5      | Found an ancient bone altar of Kikubaaqudgha.
  5799 | D:5      | Found a hazy altar of Hepliaklqana.
  6111 | D:4      | Killed Sigmund
  6112 | D:4      | Reached skill level 9 in Air Magic
  6284 | D:6      | Reached skill level 10 in Air Magic
  6284 | D:6      | Reached XP level 9. HP: 17/45 MP: 3/17
  6920 | D:6      | Reached skill level 11 in Air Magic
  7671 | D:7      | Identified the +1 cloak of Old and Reckless {rF+ Stlth+}
  7688 | D:7      | Reached skill level 12 in Air Magic
  7784 | D:7      | Reached skill level 1 in Fighting
  7784 | D:7      | Reached skill level 1 in Shields
  8192 | D:7      | Found a staircase to the Ecumenical Temple.
  8202 | Temple   | Entered the Ecumenical Temple
  8249 | Temple   | Became a worshipper of Gozag Ym Sagoz the Greedy
  8406 | D:8      | Noticed Maggie
  8530 | D:8      | Killed Maggie
  8746 | D:8      | Noticed a deep elf pyromancer
  8749 | D:8      | Killed a deep elf pyromancer
  8750 | D:8      | Reached XP level 10. HP: 56/56 MP: 5/18
  8965 | D:8      | Found a shimmering blue altar of Sif Muna.
  9061 | D:8      | Reached skill level 5 in Dodging
  9182 | D:8      | Noticed Grum
  9450 | D:8      | Killed Grum
  9814 | D:9      | Noticed a two-headed ogre
  9839 | D:9      | Killed a two-headed ogre
  9840 | D:9      | Reached skill level 5 in Fighting
  9840 | D:9      | Reached skill level 5 in Shields
 10733 | D:10     | Entered Level 10 of the Dungeon
 11080 | D:10     | Identified the +0 leather armour of Negation {Dex+5}
 11151 | D:10     | Reached XP level 11. HP: 47/64 MP: 3/19
 11351 | D:10     | Found a staircase to the Orcish Mines.
 12033 | D:10     | Identified the +4 whip of the Shoals {freeze, rC+ rN+++
                  | Str-4 Dex+4}
 12176 | D:10     | Found a staircase to the Lair.
 12924 | D:11     | You are sucked into a shaft and drop 1 floor!
 12924 | D:12     | Noticed Psyche
 12930 | D:12     | Killed Psyche
 13118 | D:12     | Found a frozen archway.
 13156 | IceCv    | Entered an ice cave
 13477 | IceCv    | Noticed a white ugly thing
 13482 | IceCv    | Killed a white ugly thing
 14868 | IceCv    | HP: 2/67 [anaconda simulacrum (6)]
 16021 | IceCv    | Noticed a reaper
 16659 | IceCv    | Mangled by a reaper

Illustrated notes

Levels and vault maps discovered:
D:1:      shiori_arrival_elements, layout_basic,
          hellmonk_ecumenical_altar_blasted
D:2:      layout_basic, serial_park_tiny_pond, minmay_misc_feat_alley,
          minmay_heptomino_o4
D:3:      layout_loops_ring, gammafunk_ghost_icy, uniq_natasha
D:4:      layout_rooms, fedhas_altar_1, uniq_sigmund
D:5:      layout_cave_pools, grunt_temple_overflow_octagram, st_stairs_4,
          chequers_big_river, dk_rats_in_the_wall, uniq_prince_ribbit1,
          uniq_ijyb, uniq_grinder
D:6:      layout_basic
D:7:      layout_rooms, minmay_temple_entry_junction
D:8:      layout_basic, lemuel_blue_sif_altar, minmay_misc_feat_nine_boxes,
          uniq_maggie, uniq_grum
D:9:      layout_roguey
D:10:     layout_big_octagon, lair_entry_dummy, david_orc_1_choice
D:11:     layout_cave_pods, nicolae_gozag_seed_capital
D:12:     layout_layer_cave, portal_ice_cave_entry_pillars_2,
          minmay_protected_statue, uniq_nergalle, uniq_psyche
Temple:   nicolae_temple_god_jail
IceCv:    ice_cave_caverns_02

Skill      XL: |  1  2  3  4  5  6  7  8  9 10 11 |
---------------+----------------------------------+-----
Conjurations   | 2 3 4 5 6 9 |  9.0
Air Magic      | 5 6 7 10 12 | 12.0
Spellcasting   | 3 4 5 |  5.0
Fighting       | 3 6 7 |  7.9
Shields        | 3 6 7 |  7.9
Dodging        | 4 7 9 |  9.0
Stealth        | |  2.0

Action                   |  1- 3 |  4- 6 |  7- 9 | 10-12 || total
-------------------------+-------+-------+-------+-------++-------
Melee: Kick              |     2 |     4 |    19 |    19 ||    44
       Peck              |     1 |     1 |     6 |     5 ||    13
       Unarmed           |     1 |       |       |       ||     1
       Dagger            |     2 |     4 |       |       ||     6
       Short sword       |       |    13 |    64 |    21 ||    98
       Whip              |       |       |       |    30 ||    30
 Cast: Shock             |    64 |    99 |    28 |    27 ||   218
       Static Discharge  |     1 |    14 |    17 |   104 ||   136
       Airstrike         |       |       |    48 |    99 ||   147
Evoke: Wand              |       |       |     2 |     4 ||     6
  Use: Scroll            |       |       |       |    12 ||    12
 Stab: Sleeping          |       |       |     1 |     1 ||     2
Armor: Robe              |       |     5 |       |       ||     5
       Leather armour    |       |     1 |    18 |    43 ||    62
Dodge: Dodged            |     9 |    20 |    66 |   163 ||   258
